PAA
CASPER GHOSTS @ IRVING BLUE SOX
09/02/2020
 
TOP OF THE 1ST
Casper Ghosts batting - Pitching for Irving Blue Sox : RHP Andy Perry
Pitching: RHP Andy Perry
Batting: RHB Warner Robinson 0-0: Swinging Strike
0-1: Called Strike
0-2: Ball
1-2: Foul Ball, location: 2F
1-2: Strikes out looking
Batting: SHB Erjan Kerstens 0-0: Ball
1-0: Ball
2-0: Ball
3-0: Called Strike
3-1: Base on Balls
Batting: RHB Juan García 0-0: Called Strike
0-1: Ball
1-1: Ball
2-1: Ball
3-1: Base on Balls
Erjan Kerstens to second
Batting: LHB Terry Johnson 0-0: Ball
1-0: Ball
2-0: Foul Ball, location: 2F
2-1: Ball
3-1: Base on Balls
Erjan Kerstens to third
Juan García to second
Batting: RHB Dave Young 0-0: Ball
Wild Pitch!
Erjan Kerstens scores
Juan García to third
Terry Johnson to second
1-0: Called Strike
1-1: Fly out, F5 (Line Drive, 56)
Batting: LHB Jim Unknown 0-0: Swinging Strike
0-1: Ball
1-1: Foul Ball, location: 2F
1-2: Foul Ball, location: 2F
1-2: Strikes out swinging
Top of the 1st over - 1 run(s), 0 hit(s), 0 error(s), 2 left on base; Casper 1 - Irving 0
BOTTOM OF THE 1ST
Irving Blue Sox batting - Pitching for Casper Ghosts : LHP Jim Unknown
Pitching: LHP Jim Unknown
Batting: RHB Robbie Young 0-0: Swinging Strike
0-1: Ball
1-1: Called Strike
1-2: Ball
2-2: Foul Ball, location: 2F
2-2: Ground out 6-3 (Groundball, 6)
Batting: RHB Nathan Boswell 0-0: Swinging Strike
0-1: Foul Ball, location: 2F
0-2: Strikes out swinging
Batting: SHB Ron Peterson 0-0: Ball
1-0: Foul Ball, location: 2F
1-1: Swinging Strike
1-2: Ground out 6-3 (Groundball, 6M)
Bottom of the 1st over - 0 run(s), 0 hit(s), 0 error(s), 0 left on base; Casper 1 - Irving 0
TOP OF THE 2ND
Casper Ghosts batting - Pitching for Irving Blue Sox : RHP Andy Perry
Batting: RHB Austin Henderson 0-0: DOUBLE (Groundball, 5L)
Batting: SHB José Juárez 0-0: Called Strike
0-1: Foul Ball, location: 2F
0-2: Strikes out swinging
Batting: RHB Phil Baker 0-0: Called Strike
0-1: Called Strike
0-2: Ball
1-2: Ball
2-2: Strikes out swinging
Batting: RHB Warner Robinson 0-0: Called Strike
0-1: Ball
1-1: Foul Ball, location: 2F
1-2: Ground out 6-3 (Groundball, 6S)
Top of the 2nd over - 0 run(s), 1 hit(s), 0 error(s), 1 left on base; Casper 1 - Irving 0
BOTTOM OF THE 2ND
Irving Blue Sox batting - Pitching for Casper Ghosts : LHP Jim Unknown
Batting: RHB Will Hunter 0-0: Foul Ball, location: 2F
0-1: Ball
1-1: Reached on error, E6 (Groundball, 6)
Batting: RHB Alfredo Chávez 0-0: SINGLE (Groundball, 4MD)
Will Hunter to second
Batting: LHB Kyle James 0-0: Swinging Strike
0-1: Ball
1-1: Ball
2-1: Ball
3-1: Fly out, F7 (Flyball, 7M)
Batting: RHB Pat Lugo 0-0: Ball
1-0: SINGLE (Line Drive, 8LS)
Will Hunter to third
Alfredo Chávez to second
Runner from 3rd tries for Home, SAFE, throw made home
Alfredo Chávez to third
Pat Lugo to second
Batting: RHB Stan Barnes 0-0: Ball
Passed Ball!
Alfredo Chávez scores
Pat Lugo to third
1-0: Ball
2-0: Ball
3-0: Called Strike
3-1: Called Strike
3-2: Base on Balls
Batting: RHB Jim Unknown 0-0: SINGLE (Line Drive, 6D)
Pat Lugo scores
Stan Barnes to second
Batting: RHB Robbie Young 0-0: Called Strike
0-1: Grounds into double play, 6-4-3 (Groundball, 6)
Bottom of the 2nd over - 3 run(s), 3 hit(s), 1 error(s), 1 left on base; Casper 1 - Irving 3
TOP OF THE 3RD
Casper Ghosts batting - Pitching for Irving Blue Sox : RHP Andy Perry
Batting: SHB Erjan Kerstens 0-0: Called Strike
0-1: Ground out 3-1 (Groundball, 34)
Batting: RHB Juan García 0-0: Ball
1-0: Fly out, F9 (Popup, 89S)
Batting: LHB Terry Johnson 0-0: Ball
1-0: Ball
2-0: Called Strike
2-1: Swinging Strike
2-2: Ball
3-2: Foul Ball, location: 2F
3-2: Foul Ball, location: 2F
3-2: SINGLE (Line Drive, 34)
Batting: RHB Dave Young 0-0: Ball
1-0: Ball
2-0: Ball
3-0: Called Strike
3-1: DOUBLE (Line Drive, 78M)
Terry Johnson to third
Runner from 3rd tries for Home, throw and OUT!
Top of the 3rd over - 0 run(s), 2 hit(s), 0 error(s), 1 left on base; Casper 1 - Irving 3
BOTTOM OF THE 3RD
Irving Blue Sox batting - Pitching for Casper Ghosts : LHP Jim Unknown
Batting: RHB Nathan Boswell 0-0: Ball
1-0: Called Strike
1-1: Foul Ball, location: 2F
1-2: Ground out 6-3 (Groundball, 6M)
Batting: SHB Ron Peterson 0-0: Ball
1-0: Ball
2-0: Ground out 6-3 (Groundball, 6)
Batting: RHB Will Hunter 0-0: Ball
1-0: SINGLE (Groundball, 56D)
Batting: RHB Alfredo Chávez 0-0: Ball
1-0: Ball
2-0: Fielders Choice at 2nd, U6 (Groundball, 6M)
Bottom of the 3rd over - 0 run(s), 1 hit(s), 0 error(s), 1 left on base; Casper 1 - Irving 3
TOP OF THE 4TH
Casper Ghosts batting - Pitching for Irving Blue Sox : RHP Andy Perry
Batting: LHB Jim Unknown 0-0: Swinging Strike
0-1: Called Strike
0-2: Ball
1-2: Ball
2-2: Foul Ball, location: 2F
2-2: Ball
3-2: Base on Balls
Batting: RHB Austin Henderson 0-0: Called Strike
0-1: Ball
1-1: Foul Ball, location: 2F
1-2: Foul Ball, location: 2F
1-2: Ball
2-2: Ball
3-2: Fly out, F3 (Popup, 3L)
Batting: SHB José Juárez 0-0: Called Strike
0-1: Ground out 1-3 (Groundball, 2R)
Jim Unknown to second
Batting: RHB Phil Baker 0-0: Called Strike
0-1: Ball
1-1: Ball
2-1: Fly out, F4 (Popup, 4M)
Top of the 4th over - 0 run(s), 0 hit(s), 0 error(s), 1 left on base; Casper 1 - Irving 3
BOTTOM OF THE 4TH
Irving Blue Sox batting - Pitching for Casper Ghosts : LHP Jim Unknown
Batting: LHB Kyle James 0-0: Called Strike
0-1: Ball
1-1: Ball
2-1: Ball
3-1: Base on Balls
Batting: RHB Pat Lugo 0-0: Ball
1-0: Swinging Strike
1-1: Called Strike
1-2: Ball
2-2: Strikes out swinging
Batting: RHB Stan Barnes 0-0: Ball
Kyle James steals 2nd base
1-0: Called Strike
1-1: Foul Ball, location: 2F
1-2: Ball
2-2: SINGLE (Groundball, 34S)
Kyle James to third
Runner from 3rd tries for Home, SAFE, no throw or cutoff
Batting: RHB Jim Unknown 0-0: Foul Ball, location: 2F
0-1: Ball
1-1: Ball
2-1: Ball
3-1: Base on Balls
Stan Barnes to second
Batting: RHB Robbie Young 0-0: Called Strike
0-1: Called Strike
0-2: DOUBLE (Line Drive, 78M)
Stan Barnes scores
Jim Unknown to third
Batting: RHB Nathan Boswell 0-0: Foul Ball, location: 2F
0-1: Fly out, F4 (Line Drive, 4D)
Batting: SHB Ron Peterson 0-0: Called Strike
0-1: Ball
1-1: Swinging Strike
1-2: Ball
2-2: Strikes out looking
Bottom of the 4th over - 2 run(s), 2 hit(s), 0 error(s), 2 left on base; Casper 1 - Irving 5
TOP OF THE 5TH
Casper Ghosts batting - Pitching for Irving Blue Sox : RHP Andy Perry
Batting: RHB Warner Robinson 0-0: Foul Ball, location: 2F
0-1: Ball
1-1: Ball
2-1: Ball
3-1: Base on Balls
Batting: SHB Erjan Kerstens 0-0: Foul Ball, location: 2F
0-1: SINGLE (Groundball, 6MD)
Warner Robinson to second
Runner from 2nd tries for 3rd, SAFE, throw made to third
Batting: RHB Juan García 0-0: Ball
1-0: Foul Ball, location: 2F
1-1: SINGLE (Flyball, 4MD)
Warner Robinson scores
Erjan Kerstens to second
Batting: LHB Terry Johnson 0-0: Ball
1-0: Fly out, F7 (Flyball, 7D)
Runner from 2nd tags up, SAFE at 3rd, no throw
Batting: RHB Dave Young 0-0: DOUBLE (Line Drive, 9LM)
Erjan Kerstens scores
Juan García to third
Batting: LHB Jim Unknown 0-0: Ball
1-0: Ball
2-0: Ground out 4-3 (Groundball, 4)
Juan García scores
Dave Young to third
Batting: RHB Austin Henderson 0-0: Foul Ball, location: 2F
0-1: Ball
1-1: Swinging Strike
1-2: DOUBLE (Line Drive, 7LS)
Dave Young scores
Batting: SHB José Juárez 0-0: Ball
1-0: Ball
2-0: Called Strike
2-1: Ground out 6-3 (Groundball, 6)
Top of the 5th over - 4 run(s), 4 hit(s), 0 error(s), 1 left on base; Casper 5 - Irving 5
BOTTOM OF THE 5TH
Irving Blue Sox batting - Pitching for Casper Ghosts : LHP Jim Unknown
Batting: RHB Will Hunter 0-0: Called Strike
0-1: Called Strike
0-2: Ball
1-2: Foul Ball, location: 2F
1-2: Strikes out looking
Batting: RHB Alfredo Chávez 0-0: Ball
1-0: Foul Ball, location: 2F
1-1: Swinging Strike
1-2: Foul Ball, location: 2F
1-2: Ball
2-2: Ball
3-2: Foul Ball, location: 2F
3-2: Base on Balls
Batting: LHB Kyle James 0-0: Foul Ball, location: 2F
0-1: Fly out, F7 (Line Drive, 7M)
Batting: RHB Pat Lugo 0-0: Swinging Strike
0-1: Ball
1-1: Foul Ball, location: 2F
1-2: Foul Ball, location: 2F
1-2: Ball
2-2: Strikes out swinging
Bottom of the 5th over - 0 run(s), 0 hit(s), 0 error(s), 1 left on base; Casper 5 - Irving 5
TOP OF THE 6TH
Casper Ghosts batting - Pitching for Irving Blue Sox : RHP Andy Perry
Batting: RHB Phil Baker 0-0: SINGLE (Groundball, 6)
Pitching: RHP Armando Delvalle
Batting: RHB Warner Robinson 0-0: Sac Bunt - play at first, batter OUT! 5-4
Phil Baker to second
Batting: SHB Erjan Kerstens 0-0: Ball
1-0: Ball
Wild Pitch!
Phil Baker to third
2-0: Ball
3-0: Called Strike
3-1: Base on Balls
Batting: RHB Juan García 0-0: Ball
1-0: Foul Ball, location: 2F
1-1: Foul Ball, location: 2F
1-2: Strikes out swinging
Batting: LHB Terry Johnson 0-0: DOUBLE (Line Drive, 9D)
Phil Baker scores
Erjan Kerstens to third
Batting: RHB Dave Young 0-0: Fly out, F4 (Popup, 4)
Top of the 6th over - 1 run(s), 2 hit(s), 0 error(s), 2 left on base; Casper 6 - Irving 5
BOTTOM OF THE 6TH
Irving Blue Sox batting - Pitching for Casper Ghosts : LHP Jim Unknown
Batting: RHB Stan Barnes 0-0: Ground out 4-3 (Groundball, 4M)
Batting: RHB Jim Unknown 0-0: Called Strike
0-1: Foul Ball, location: 2F
0-2: SINGLE (Line Drive, 9LM)
Batting: RHB Robbie Young 0-0: Ball
1-0: Ball
2-0: Reached on error, E4 (Groundball, 4)
Jim Unknown to second
Batting: RHB Nathan Boswell 0-0: Called Strike
0-1: Foul Ball, location: 2F
0-2: Grounds into double play, 6-4-3 (Groundball, 6M)
Bottom of the 6th over - 0 run(s), 1 hit(s), 1 error(s), 1 left on base; Casper 6 - Irving 5
TOP OF THE 7TH
Casper Ghosts batting - Pitching for Irving Blue Sox : RHP Armando Delvalle
Batting: LHB Jim Unknown 0-0: Foul Ball, location: 2F
0-1: Ground out 4-3 (Groundball, 4)
Batting: RHB Austin Henderson 0-0: Ball
1-0: Called Strike
1-1: Ball
2-1: Ground out 6-3 (Groundball, 6)
Batting: SHB José Juárez 0-0: Ball
1-0: Swinging Strike
1-1: Ball
2-1: Swinging Strike
2-2: Strikes out swinging
Top of the 7th over - 0 run(s), 0 hit(s), 0 error(s), 0 left on base; Casper 6 - Irving 5
BOTTOM OF THE 7TH
Irving Blue Sox batting - Pitching for Casper Ghosts : LHP Jim Unknown
Batting: SHB Ron Peterson 0-0: Ball
1-0: Called Strike
1-1: Foul Ball, location: 2F
1-2: SINGLE (Groundball, 56D)
Batting: RHB Will Hunter 0-0: Ball
1-0: Ball
2-0: Ball
3-0: Base on Balls
Ron Peterson to second
Pitching: RHP Robert Bell
Pinch Hitting: SHB Curt Finley 0-0: Ball
1-0: Ball
2-0: Foul Ball, location: 2F
2-1: Foul Ball, location: 2F
2-2: Foul Ball, location: 2F
2-2: Ball
3-2: Fielders Choice at 2nd, 1-6 (Groundball, 23)
Ron Peterson to third
Batting: LHB Kyle James 0-0: Called Strike
0-1: Called Strike
0-2: Ball
1-2: Ball
2-2: Fly out, F8 (Flyball, 8LM)
Runner from 3rd tags up, SCORES, no throw
Batting: RHB Pat Lugo 0-0: Ball
1-0: Ground out 5-3 (Groundball, 5S)
Bottom of the 7th over - 1 run(s), 1 hit(s), 0 error(s), 1 left on base; Casper 6 - Irving 6
TOP OF THE 8TH
Casper Ghosts batting - Pitching for Irving Blue Sox : RHP Armando Delvalle
Now in CF: Curt Finley
Batting: RHB Phil Baker 0-0: Called Strike
0-1: Ball
1-1: Ground out 1-3 (Groundball, 15S)
Batting: RHB Warner Robinson 0-0: Ball
1-0: Swinging Strike
1-1: Called Strike
1-2: Foul Ball, location: 2F
1-2: Ball
2-2: Foul Ball, location: 2F
2-2: Fly out, F9 (Flyball, 9M)
Batting: SHB Erjan Kerstens 0-0: Called Strike
0-1: Foul Ball, location: 2F
0-2: Strikes out looking
Top of the 8th over - 0 run(s), 0 hit(s), 0 error(s), 0 left on base; Casper 6 - Irving 6
BOTTOM OF THE 8TH
Irving Blue Sox batting - Pitching for Casper Ghosts : RHP Robert Bell
Batting: RHB Stan Barnes 0-0: Reached on error, E5 (Groundball, 5S)
Batting: RHB Jim Unknown 0-0: Foul Ball, location: 2F
0-1: Ground out 5-3 (Groundball, 56)
Batting: RHB Robbie Young 0-0: Ball
1-0: Foul Ball, location: 2F
1-1: Fly out, F8 (Flyball, 8LM)
Batting: RHB Nathan Boswell 0-0: Foul Ball, location: 2F
0-1: Swinging Strike
0-2: Ball
1-2: Strikes out swinging
Bottom of the 8th over - 0 run(s), 0 hit(s), 1 error(s), 1 left on base; Casper 6 - Irving 6
TOP OF THE 9TH
Casper Ghosts batting - Pitching for Irving Blue Sox : RHP Armando Delvalle
Pitching: RHP Domingo Álvarez
Pinch Hitting: SHB Alonso Rodríguez 0-0: Foul Ball, location: 2F
0-1: Ball
1-1: Ground out U3 (Groundball, 3L)
Pinch Hitting: RHB Keith Hatch 0-0: Called Strike
0-1: Called Strike
0-2: Ball
Single, Error in OF, E7, batter to second base
Pinch Hitting: RHB Ron Coffman 0-0: Ball
1-0: Swinging Strike
1-1: Called Strike
1-2: Strikes out swinging
Batting: LHB Jim Unknown 0-0: Ball
1-0: Ball
2-0: Ball
3-0: Base on Balls
Batting: RHB Austin Henderson 0-0: Foul Ball, location: 2F
0-1: Foul Ball, location: 2F
0-2: SINGLE (Line Drive, 4MD)
Keith Hatch to third
Jim Unknown to second
Runner from 3rd tries for Home, throw and OUT!
Top of the 9th over - 0 run(s), 2 hit(s), 1 error(s), 2 left on base; Casper 6 - Irving 6
BOTTOM OF THE 9TH
Irving Blue Sox batting - Pitching for Casper Ghosts : RHP Robert Bell
Pitching: RHP Jim Unknown
Now at SS: Keith Hatch
Now in LF: Alonso Rodríguez
Batting: SHB Ron Peterson 0-0: Called Strike
Now in LF: Rafael Abreu 0-1: Ball
1-1: Hit by Pitch
Batting: RHB Will Hunter 0-0: Called Strike
0-1: Ball
1-1: Foul Ball, location: 2F
1-2: Foul Ball, location: 2F
1-2: Strikes out swinging
Batting: SHB Curt Finley 0-0: Called Strike
0-1: Ball
1-1: Foul Ball, location: 2F
1-2: SINGLE (Line Drive, 6D)
Ron Peterson to second
Batting: LHB Kyle James 0-0: Foul Ball, location: 2F
0-1: Foul Ball, location: 2F
0-2: Strikes out swinging
Batting: RHB Pat Lugo 0-0: Ball
1-0: Foul Ball, location: 2F
1-1: Foul Ball, location: 2F
1-2: Ball
2-2: Ball
3-2: Strikes out swinging
Bottom of the 9th over - 0 run(s), 1 hit(s), 0 error(s), 2 left on base; Casper 6 - Irving 6
TOP OF THE 10TH
Casper Ghosts batting - Pitching for Irving Blue Sox : RHP Domingo Álvarez
Batting: SHB José Juárez 0-0: Called Strike
0-1: Called Strike
0-2: Strikes out swinging
Batting: RHB Phil Baker 0-0: Ball
1-0: Ball
2-0: Called Strike
2-1: Ground out 5-3 (Groundball, 5S)
Batting: RHB Warner Robinson 0-0: Called Strike
0-1: Foul Ball, location: 2F
0-2: Ball
1-2: Strikes out swinging
Top of the 10th over - 0 run(s), 0 hit(s), 0 error(s), 0 left on base; Casper 6 - Irving 6
BOTTOM OF THE 10TH
Irving Blue Sox batting - Pitching for Casper Ghosts : RHP Jim Unknown
Batting: RHB Stan Barnes 0-0: Ground out 6-3 (Groundball, 6)
Batting: RHB Jim Unknown 0-0: Called Strike
0-1: Ball
1-1: Foul Ball, location: 2F
1-2: Ball
2-2: Foul Ball, location: 2F
2-2: Ball
3-2: DOUBLE (Line Drive, 78XD)
Batting: RHB Robbie Young 0-0: Ground out 4-3 (Groundball, 34)
Jim Unknown to third
Batting: RHB Nathan Boswell 0-0: Ball
1-0: Ball
2-0: Called Strike
2-1: Ball
3-1: Base on Balls
Batting: SHB Ron Peterson 0-0: Called Strike
0-1: Ball
1-1: Ground out 6-3 (Groundball, 56D)
Bottom of the 10th over - 0 run(s), 1 hit(s), 0 error(s), 2 left on base; Casper 6 - Irving 6
TOP OF THE 11TH
Casper Ghosts batting - Pitching for Irving Blue Sox : RHP Domingo Álvarez
Pitching: RHP Jim Unknown
Pinch Hitting: RHB Lorenzo Díaz 0-0: Ball
1-0: Called Strike
1-1: Ball
2-1: Ball
3-1: Fly out, F9 (Flyball, 89M)
Batting: SHB Alonso Rodríguez 0-0: Ball
1-0: Called Strike
1-1: Ball
2-1: Swinging Strike
2-2: Foul Ball, location: 2F
2-2: Foul Ball, location: 2F
2-2: Fly out, F5 (Line Drive, 56S)
Batting: RHB Keith Hatch 0-0: Called Strike
0-1: Called Strike
0-2: Ball
1-2: Strikes out swinging
Top of the 11th over - 0 run(s), 0 hit(s), 0 error(s), 0 left on base; Casper 6 - Irving 6
BOTTOM OF THE 11TH
Irving Blue Sox batting - Pitching for Casper Ghosts : RHP Jim Unknown
Pitching: LHP Jim Unknown
Now at C: Roberto Toledo
Batting: RHB Will Hunter 0-0: Ball
1-0: Ball
2-0: Fly out, F3 (Popup, 34D)
Batting: SHB Curt Finley 0-0: Called Strike
0-1: Ground out 6-3 (Groundball, 6)
Pinch Hitting: RHB Júlio López 0-0: Called Strike
0-1: Called Strike
0-2: Ground out 5-3 (Groundball, 56S)
Bottom of the 11th over - 0 run(s), 0 hit(s), 0 error(s), 0 left on base; Casper 6 - Irving 6
TOP OF THE 12TH
Casper Ghosts batting - Pitching for Irving Blue Sox : RHP Jim Unknown
Now in LF: Jack MacAsgill
Batting: RHB Rafael Abreu 0-0: Swinging Strike
0-1: Ball
1-1: Fly out, F6 (Line Drive, 6)
Batting: LHB Jim Unknown 0-0: Called Strike
0-1: Fly out, F8 (Flyball, 89M)
Batting: RHB Austin Henderson 0-0: Ball
1-0: Called Strike
1-1: Ball
2-1: Ball
3-1: Called Strike
3-2: Ground out 6-3 (Groundball, 6)
Top of the 12th over - 0 run(s), 0 hit(s), 0 error(s), 0 left on base; Casper 6 - Irving 6
BOTTOM OF THE 12TH
Irving Blue Sox batting - Pitching for Casper Ghosts : LHP Jim Unknown
Batting: RHB Pat Lugo 0-0: Ball
1-0: Ball
2-0: Fly out, F7 (Flyball, 7M)
Batting: RHB Stan Barnes 0-0: Ball
1-0: Called Strike
1-1: Swinging Strike
1-2: Strikes out swinging
Batting: RHB Jim Unknown 0-0: SINGLE (Groundball, 6M)
Batting: RHB Robbie Young 0-0: Called Strike
0-1: Called Strike
0-2: Ground out 6-3 (Groundball, 6D)
Bottom of the 12th over - 0 run(s), 1 hit(s), 0 error(s), 1 left on base; Casper 6 - Irving 6
TOP OF THE 13TH
Casper Ghosts batting - Pitching for Irving Blue Sox : RHP Jim Unknown
Pitching: RHP Chris Strickland
Batting: SHB José Juárez 0-0: Foul Ball, location: 2F
0-1: Ground out 4-3 (Groundball, 4)
Batting: RHB Phil Baker 0-0: SOLO HOME RUN (Line Drive, 78XD), Distance : 438 ft
Batting: RHB Warner Robinson 0-0: DOUBLE (Groundball, 5L)
Batting: RHB Roberto Toledo 0-0: Fly out, F7 (Flyball, 7M)
Batting: SHB Alonso Rodríguez 0-0: Swinging Strike
0-1: Called Strike
0-2: Strikes out swinging
Top of the 13th over - 1 run(s), 2 hit(s), 0 error(s), 1 left on base; Casper 7 - Irving 6
BOTTOM OF THE 13TH
Irving Blue Sox batting - Pitching for Casper Ghosts : LHP Jim Unknown
Batting: RHB Nathan Boswell 0-0: Called Strike
0-1: Ball
1-1: Foul Ball, location: 2F
1-2: Ball
2-2: Foul Ball, location: 2F
2-2: Foul Ball, location: 2F
2-2: Strikes out looking
Batting: SHB Ron Peterson 0-0: Ball
1-0: Called Strike
1-1: Swinging Strike
1-2: Ground out 6-3 (Groundball, 6)
Batting: RHB Will Hunter 0-0: Foul Ball, location: 2F
0-1: Fly out, F8 (Flyball, 8RD)
Bottom of the 13th over - 0 run(s), 0 hit(s), 0 error(s), 0 left on base; Casper 7 - Irving 6
This league is powered by Out of the Park Baseball, the baseball management simulation game for PC, Mac and Linux
Friday, October 23rd, 2015 - OOTP Baseball 16.9 Build 39